COLORADO vs VANCOUVER

Created - June 3, 2021 at 10:23

Goals
1 2 3 T
COLORADO 2 1 2 5
VANCOUVER 1 1 1 3
Shots
1 2 3 T
COLORADO 11 11 10 32
VANCOUVER 7 5 8 20

1st period

1. COLORADO , Artturi Lehkonen 18 (Jonas Brodin 23, William Karlsson 28) at 14:41
2. VANCOUVER , Alex Steen 5 (Kevin Labanc 12, Ryan Ellis 47) at 18:12
3. COLORADO , Dylan Larkin 16 (David Pastrnak 28, John Moore 22) at 19:57

Penalties :
Ron Hainsey (COL) for Hooking (Minor) at 8:39

2nd period

4. VANCOUVER , Mark Stone 19 (Hampus Lindholm 27, Nazem Kadri 20) at 15:46
5. COLORADO , Leo Komarov 12 (Mikko Koivu 22) at 16:39

Penalties :
Jakub Vrana (VAN) for Tripping (Minor) at 4:53, Sami Vatanen (VAN) for Tripping (Minor) at 11:32

3rd period

6. COLORADO , Dylan Larkin 17 (David Pastrnak 29, Brandon Carlo 25) at 7:16
7. VANCOUVER , Sami Vatanen 13 (Nick Schmaltz 22) at 8:34
8. COLORADO , Artturi Lehkonen 19 (Brandon Carlo 26) at 13:16

Penalties :
Urho Vaakanainen (COL) for Slashing (Minor) at 17:33, Luca Sbisa (VAN) for Roughing (Minor) at 19:51

Goalie Stats

Linus Ullmark (COL), 17 saves from 20 shots - (0.850), W, 2-7-0, 60:00 minutes
Hunter Miska (VAN), 27 saves from 32 shots - (0.844), L, 2-4-0, 60:00 minutes

Players Stats for COLORADO

Player Name              G  A  P  +/- PIM S  H  SB GA TA FO     MP     PP MP  PK MP  
------------------------------------------------------------------------------------
Artturi Lehkonen         2  0  2   1  0   7  2  0  0  0  0/1    15:39   2:15   0:00 
Brandon Carlo            0  2  2   1  0   0  5  1  0  0  0/0    21:14   2:42   1:31 
Calvin de Haan           0  0  0   1  0   1  0  1  0  0  0/0    19:14   0:00   1:19 
David Krejci             0  0  0   1  0   4  2  0  0  0  0/1    17:43   2:15   2:04 
David Pastrnak           0  2  2   1  0   3  0  0  0  0  1/1    17:52   1:51   0:00 
Dylan Larkin             2  0  2   1  0   6  3  0  0  0  15/21  19:32   1:51   1:40 
Frederic Allard          0  0  0   0  0   0  0  0  0  0  0/0     0:18   0:00   0:00 
John Moore               0  1  1   2  0   1  1  0  0  0  0/0    17:55   1:24   0:00 
Jonas Brodin             0  1  1  -1  0   0  1  1  0  0  0/0    22:25   2:34   2:39 
Kevin Stenlund           0  0  0  -1  0   0  0  0  0  0  0/0     8:49   0:00   0:14 
Leo Komarov              1  0  1   1  0   1  2  0  0  0  1/3    13:56   0:00   0:00 
Mattias Janmark          0  0  0   0  0   0  0  0  0  0  0/0     0:00   0:00   0:00 
Mikko Koivu              0  1  1   1  0   1  0  0  0  0  9/15   16:14   0:00   2:18 
Nick Bjugstad            0  0  0  -1  0   0  3  0  0  0  3/8     8:35   0:00   0:00 
Pavel Buchnevich         0  0  0   1  0   0  0  0  0  0  0/0    17:52   1:51   0:00 
Ron Hainsey              0  0  0  -1  2   2  1  2  0  0  0/0    21:07   1:24   1:20 
Urho Vaakanainen         0  0  0   2  2   0  0  0  0  0  0/0    17:45   0:08   1:07 
Valtteri Filppula        0  0  0   1  0   2  0  0  0  0  1/1    13:56   0:00   0:00 
Warren Foegele           0  0  0  -1  0   1  0  0  0  0  0/0     8:35   0:00   0:00 
William Karlsson         0  1  1   1  0   3  0  0  0  0  15/22  17:19   2:15   1:40 

Players Stats for VANCOUVER

Player Name              G  A  P  +/- PIM S  H  SB GA TA FO     MP     PP MP  PK MP  
------------------------------------------------------------------------------------
Alex Steen               1  0  1  -2  0   3  0  0  0  0  0/1    14:37   0:34   0:45 
Chris Wagner             0  0  0  -1  0   1  2  0  0  0  6/20   15:14   0:00   1:18 
Dennis Gilbert           0  0  0   0  0   0  3  0  0  0  0/0     4:59   0:00   0:12 
Erik Johnson             0  0  0   1  0   2  3  0  0  0  0/0    20:10   1:58   2:01 
Hampus Lindholm          0  1  1  -1  0   0  0  3  0  0  0/0    21:02   2:00   2:05 
Jakub Vrana              0  0  0   0  2   1  0  0  0  0  0/1    19:18   1:43   0:50 
Jonathan Huberdeau       0  0  0   0  0   1  0  0  0  0  1/2    18:13   1:41   2:06 
Kevin Labanc             0  1  1  -2  0   3  0  0  0  0  0/0    14:09   0:51   0:00 
Luca Sbisa               0  0  0  -2  2   2  2  1  0  0  0/0    14:05   0:00   0:00 
Mark Stone               1  0  1   0  0   3  2  0  0  0  4/13   24:06   1:24   2:01 
Melker Karlsson          0  0  0   0  0   0  0  0  0  0  0/0     7:26   0:00   0:00 
Nazem Kadri              0  1  1   0  0   2  2  0  0  0  8/18   16:07   1:41   0:00 
Nick Schmaltz            0  1  1  -1  0   0  1  0  0  0  9/17   19:02   1:43   0:00 
Nikolaj Ehlers           0  0  0   0  0   0  0  0  0  0  0/1    19:41   1:43   1:12 
Riley Stillman           0  0  0  -2  0   0  0  2  0  0  0/0    15:07   0:00   1:01 
Ryan Ellis               0  1  1   1  0   1  3  1  0  0  0/0    24:41   1:58   1:55 
Sami Vatanen             1  0  1  -1  2   1  3  0  0  0  0/0    19:54   2:00   0:58 
Troy Brouwer             0  0  0   0  0   0  0  0  0  0  0/0     8:00   0:34   0:00 

3 Stars

1 - Dylan Larkin (COL)
2 - Artturi Lehkonen (COL)
3 - Brandon Carlo (COL)

Power Play

COLORADO - 0 on 3 Attempt(s) - 0.00%
VANCOUVER - 0 on 2 Attempt(s) - 0.00%

Penalty Kill

COLORADO - 2 on 2 Attempt(s) - 100.00% - Score 0 goal in Penalty Kill
VANCOUVER - 3 on 3 Attempt(s) - 100.00% - Score 0 goal in Penalty Kill

Team Stat

COLORADO - Hits : 20 - Faceoff Wins : 45 - Blocked Shots : 5 - Penalty Minutes : 4
VANCOUVER - Hits : 21 - Faceoff Wins : 28 - Blocked Shots : 7 - Penalty Minutes : 6

Official

Referees : Craig Andreozzi and Andrew Mielniczek
Linesman : Andrew Smith and Brad Kovachik

Game Notes

No Game Note

Finance

Level 1 -- Attendance: 6000 (100.00%) -- Ticket Income $516,000
Level 2 -- Attendance: 4558 (91.16%) -- Ticket Income $255,248
Level 3 -- Attendance: 1777 (88.85%) -- Ticket Income $56,864
Level 4 -- Attendance: 3823 (95.58%) -- Ticket Income $72,637
Luxury Box -- Attendance: 996 (99.60%) -- Ticket Income $181,272
Game was played at the Rogers Arena.
Total Attendance: 17154 (95.30%)
Total Ticket Income: $1,082,021
Total Income: $1,082,021

COLORADO

5 vs 5 Forward 
   Center                   Left Wing                Right Wing               Time % Phy DF OF 
 1 Dylan Larkin             Pavel Buchnevich         David Pastrnak           35     1   2  2  
 2 William Karlsson         David Krejci             Artturi Lehkonen         30     1   2  2  
 3 Mikko Koivu              Leo Komarov              Valtteri Filppula        25     1   2  2  
 4 Nick Bjugstad            Warren Foegele           Kevin Stenlund           10     1   2  2  

5 vs 5 Defense 
   Defense                  Defense                                           Time % Phy DF OF 
 1 Ron Hainsey              Jonas Brodin                                      35     1   2  2  
 2 Brandon Carlo            Calvin de Haan                                    30     1   2  2  
 3 John Moore               Urho Vaakanainen                                  25     1   2  2  
 4 Brandon Carlo            Calvin de Haan                                    10     1   2  2  

PowerPlay Forward 
   Center                   Left Wing                Right Wing               Time % Phy DF OF 
 1 Dylan Larkin             Pavel Buchnevich         David Pastrnak           60     1   2  2  
 2 William Karlsson         David Krejci             Artturi Lehkonen         40     1   2  2  

PowerPlay Defense
   Defense                  Defense                                           Time % Phy DF OF 
 1 Ron Hainsey              John Moore                                        60     1   2  2  
 2 Brandon Carlo            Jonas Brodin                                      40     1   2  2  

Penalty Kill 4 Players Forward 
   Center                   Wing                     Time % Phy DF OF 
 1 David Krejci             Mikko Koivu              60     1   2  2  
 2 Dylan Larkin             William Karlsson         40     1   2  2  

Penalty Kill 4 Players Defense
   Defense                  Defense                  Time % Phy DF OF 
 1 Ron Hainsey              Jonas Brodin             60     1   2  2  
 2 Brandon Carlo            Calvin de Haan           40     1   2  2  

Penalty Kill - 3 Players Forward 
   Forward                                           Time % Phy DF OF 
 1 Dylan Larkin                                      60     1   2  2  
 2 William Karlsson                                  40     1   2  2  

Penalty Kill - 3 Players Defense
   Defense                  Defense                  Time % Phy DF OF 
 1 Ron Hainsey              Jonas Brodin             60     1   2  2  
 2 Brandon Carlo            Calvin de Haan           40     1   2  2  

4 vs 4 Forward 
   Center                   Wing                     Time % Phy DF OF 
 1 Dylan Larkin             David Pastrnak           60     1   2  2  
 2 William Karlsson         David Krejci             40     1   2  2  

4 vs 4 Defense
   Defense                  Defense                  Time % Phy DF OF 
 1 Ron Hainsey              Jonas Brodin             60     1   2  2  
 2 Brandon Carlo            Calvin de Haan           40     1   2  2  

Last Minutes Offensive
   Center                   Left Wing                Right Wing               Defense                  Defense                  
   Dylan Larkin             Pavel Buchnevich         David Pastrnak           Ron Hainsey              Jonas Brodin             

Last Minutes Defensive
   Center                   Left Wing                Right Wing               Defense                  Defense                  
   Dylan Larkin             Pavel Buchnevich         David Pastrnak           Ron Hainsey              Jonas Brodin             

Goaltenders
Starting : Linus Ullmark            
Backup : Daniel Vladar            

Extra Forwards
Normal : Dylan Larkin, David Pastrnak, David Krejci - PP : David Pastrnak, Dylan Larkin - PK : William Karlsson
Extra Defensemen
Normal : Brandon Carlo, Jonas Brodin, Ron Hainsey - PP : Brandon Carlo - PK : Brandon Carlo, Calvin de Haan
Penalty Shots
David Pastrnak, Dylan Larkin, William Karlsson, David Krejci, Pavel Buchnevich

Scratches
COL Cap Hit (Suspend), Carey Price (Suspend)

VANCOUVER

5 vs 5 Forward 
   Center                   Left Wing                Right Wing               Time % Phy DF OF 
 1 Nazem Kadri              Jonathan Huberdeau       Mark Stone               35     1   2  2  
 2 Nick Schmaltz            Nikolaj Ehlers           Jakub Vrana              30     1   2  2  
 3 Chris Wagner             Alex Steen               Kevin Labanc             25     1   2  2  
 4 Mark Stone               Troy Brouwer             Melker Karlsson          10     1   2  2  

5 vs 5 Defense 
   Defense                  Defense                                           Time % Phy DF OF 
 1 Ryan Ellis               Erik Johnson                                      35     1   2  2  
 2 Hampus Lindholm          Sami Vatanen                                      30     1   2  2  
 3 Luca Sbisa               Riley Stillman                                    25     1   2  2  
 4 Dennis Gilbert           Ryan Ellis                                        10     1   2  2  

PowerPlay Forward 
   Center                   Left Wing                Right Wing               Time % Phy DF OF 
 1 Nazem Kadri              Jonathan Huberdeau       Mark Stone               60     1   2  2  
 2 Nick Schmaltz            Nikolaj Ehlers           Jakub Vrana              40     1   2  2  

PowerPlay Defense
   Defense                  Defense                                           Time % Phy DF OF 
 1 Ryan Ellis               Erik Johnson                                      60     1   2  2  
 2 Hampus Lindholm          Sami Vatanen                                      40     1   2  2  

Penalty Kill 4 Players Forward 
   Center                   Wing                     Time % Phy DF OF 
 1 Mark Stone               Jonathan Huberdeau       60     1   2  2  
 2 Nikolaj Ehlers           Jakub Vrana              40     1   2  2  

Penalty Kill 4 Players Defense
   Defense                  Defense                  Time % Phy DF OF 
 1 Ryan Ellis               Erik Johnson             60     1   2  2  
 2 Hampus Lindholm          Sami Vatanen             40     1   2  2  

Penalty Kill - 3 Players Forward 
   Forward                                           Time % Phy DF OF 
 1 Mark Stone                                        60     1   2  2  
 2 Jonathan Huberdeau                                40     1   2  2  

Penalty Kill - 3 Players Defense
   Defense                  Defense                  Time % Phy DF OF 
 1 Ryan Ellis               Erik Johnson             60     1   2  2  
 2 Hampus Lindholm          Sami Vatanen             40     1   2  2  

4 vs 4 Forward 
   Center                   Wing                     Time % Phy DF OF 
 1 Mark Stone               Jonathan Huberdeau       60     1   2  2  
 2 Nikolaj Ehlers           Jakub Vrana              40     1   2  2  

4 vs 4 Defense
   Defense                  Defense                  Time % Phy DF OF 
 1 Ryan Ellis               Erik Johnson             60     1   2  2  
 2 Hampus Lindholm          Sami Vatanen             40     1   2  2  

Last Minutes Offensive
   Center                   Left Wing                Right Wing               Defense                  Defense                  
   Nazem Kadri              Jonathan Huberdeau       Mark Stone               Ryan Ellis               Erik Johnson             

Last Minutes Defensive
   Center                   Left Wing                Right Wing               Defense                  Defense                  
   Nazem Kadri              Jonathan Huberdeau       Mark Stone               Ryan Ellis               Erik Johnson             

Goaltenders
Starting : Hunter Miska             
Backup : Emil Larmi               

Extra Forwards
Normal : Alex Steen, Kevin Labanc, Chris Wagner - PP : Alex Steen, Kevin Labanc - PK : Chris Wagner
Extra Defensemen
Normal : Luca Sbisa, Riley Stillman, Dennis Gilbert - PP : Luca Sbisa - PK : Riley Stillman, Dennis Gilbert
Penalty Shots
Mark Stone, Jonathan Huberdeau, Nikolaj Ehlers, Jakub Vrana, Nazem Kadri

Scratches
Trevor Moore (Healthy), Sheldon Dries (Healthy), VAN Cap Hit (Suspend), Petr Mrazek (Suspend)

% Time on Ice - COLORADO

Lines # - Real PCT - Wanted PCT - Time Play
Normal Forward
1 - 31% - 35% - 16:01
2 - 26% - 30% - 13:24
3 - 27% - 25% - 13:56
4 - 17% - 10% - 8:35
Normal Defense
1 - 34% - 35% - 17:30
2 - 28% - 30% - 14:46
3 - 32% - 25% - 16:31
4 - 6% - 10% - 3:09
PP Forward
1 - 45% - 60% - 1:51
2 - 55% - 40% - 2:15
PP Defense
1 - 34% - 60% - 1:24
2 - 66% - 40% - 2:42
PK Forward
1 - 58% - 60% - 2:18
2 - 42% - 40% - 1:40
PK Defense
1 - 81% - 60% - 3:13
2 - 19% - 40% - 0:45
PK3 Forward
1 - 0% - 60%
2 - 0% - 40%
PK3 Defense
1 - 0% - 60%
2 - 0% - 40%
44 Forward
1 - 0% - 60%
2 - 0% - 40%
44 Defense
1 - 0% - 60%
2 - 0% - 40%
Last Minute Offensive  - 0:00
Last Minute Defensive  - 0:00
Total
Forward - 60:00
Defense - 60:00

% Time on Ice - VANCOUVER

Lines # - Real PCT - Wanted PCT - Time Play
Normal Forward
1 - 28% - 35% - 14:26
2 - 32% - 30% - 16:46
3 - 26% - 25% - 13:18
4 - 14% - 10% - 7:26
Normal Defense
1 - 31% - 35% - 16:06
2 - 33% - 30% - 16:57
3 - 27% - 25% - 14:06
4 - 9% - 10% - 4:47
PP Forward
1 - 57% - 60% - 2:15
2 - 43% - 40% - 1:43
PP Defense
1 - 50% - 60% - 1:58
2 - 50% - 40% - 2:00
PK Forward
1 - 71% - 60% - 2:54
2 - 29% - 40% - 1:12
PK Defense
1 - 49% - 60% - 2:01
2 - 51% - 40% - 2:05
PK3 Forward
1 - 0% - 60%
2 - 0% - 40%
PK3 Defense
1 - 0% - 60%
2 - 0% - 40%
44 Forward
1 - 0% - 60%
2 - 0% - 40%
44 Defense
1 - 0% - 60%
2 - 0% - 40%
Last Minute Offensive  - 0:00
Last Minute Defensive  - 0:00
Total
Forward - 60:00
Defense - 60:00

Play-by-Play

1st period


0:01 of 1st period - Dylan Larkin wins face-off versus Nazem Kadri in neutral zone.
0:04 of 1st period - Erik Johnson is hit by Dylan Larkin.
0:21 of 1st period - Dylan Larkin is hit by Ryan Ellis and loses puck.
0:32 of 1st period - Shot by David Pastrnak.
0:32 of 1st period - Stopped by Hunter Miska without a rebound.
0:33 of 1st period - Nick Schmaltz wins face-off versus William Karlsson in VANCOUVER zone.
0:33 of 1st period - Nick Schmaltz is hit by Artturi Lehkonen.
0:48 of 1st period - Nick Schmaltz is hit by David Krejci.
0:59 of 1st period - Icing by Artturi Lehkonen.
1:00 of 1st period - William Karlsson wins face-off versus Chris Wagner in COLORADO zone.
1:11 of 1st period - Chris Wagner is hit by Brandon Carlo.
2:03 of 1st period - Shot by Ryan Ellis.
2:03 of 1st period - Stopped by Linus Ullmark without a rebound.
2:04 of 1st period - Nick Schmaltz wins face-off versus Mikko Koivu in COLORADO zone.
2:26 of 1st period - Leo Komarov is hit by Sami Vatanen and loses puck.
2:34 of 1st period - Leo Komarov is hit by Sami Vatanen and loses puck.
3:22 of 1st period - Jonathan Huberdeau is hit by Jonas Brodin and loses puck.
4:12 of 1st period - Riley Stillman is hit by Nick Bjugstad and loses puck.
4:16 of 1st period - Icing by Luca Sbisa.
4:17 of 1st period - Mikko Koivu wins face-off versus Alex Steen in VANCOUVER zone.
5:59 of 1st period - Icing by Ron Hainsey.
6:00 of 1st period - Nazem Kadri wins face-off versus Dylan Larkin in COLORADO zone.
6:07 of 1st period - Ryan Ellis is hit by Dylan Larkin and loses puck.
6:30 of 1st period - Shot by Nazem Kadri.
6:30 of 1st period - Stopped by Linus Ullmark without a rebound.
6:31 of 1st period - Mark Stone wins face-off versus Nick Bjugstad in COLORADO zone.
6:31 of 1st period - Ryan Ellis is hit by John Moore and loses puck.
7:11 of 1st period - Off-side.
7:12 of 1st period - William Karlsson wins face-off versus Nick Schmaltz in neutral zone.
7:46 of 1st period - Icing by Hampus Lindholm.
7:47 of 1st period - Dylan Larkin wins face-off versus Nick Schmaltz in VANCOUVER zone.
7:47 of 1st period - Jonas Brodin is hit by Sami Vatanen and loses puck.
8:00 of 1st period - Shot by Jakub Vrana.
8:00 of 1st period - Stopped by Linus Ullmark without a rebound.
8:01 of 1st period - Mikko Koivu wins face-off versus Chris Wagner in COLORADO zone.
8:14 of 1st period - Shot by Mikko Koivu.
8:14 of 1st period - Deflect By Leo Komarov.
8:14 of 1st period - Shot Blocked by Riley Stillman.
8:16 of 1st period - Shot by Valtteri Filppula.
8:16 of 1st period - Shot Misses the Net.
8:18 of 1st period - Shot by Valtteri Filppula.
8:18 of 1st period - Stopped by Hunter Miska without a rebound.
8:19 of 1st period - David Pastrnak wins face-off versus Nazem Kadri in VANCOUVER zone.
8:39 of 1st period - Minor Penalty to Ron Hainsey for Hooking.
8:40 of 1st period - Nick Schmaltz wins face-off versus Mikko Koivu in COLORADO zone.
9:56 of 1st period - Calvin de Haan is hit by Mark Stone.
10:47 of 1st period - Shot by Kevin Labanc.
10:47 of 1st period - Shot Blocked by Brandon Carlo.
11:05 of 1st period - Shot by Calvin de Haan.
11:05 of 1st period - Shot Blocked by Riley Stillman.
11:31 of 1st period - Shot by Dylan Larkin.
11:31 of 1st period - Stopped by Hunter Miska without a rebound.
11:32 of 1st period - Dylan Larkin wins face-off versus Mark Stone in VANCOUVER zone.
11:56 of 1st period - Shot by Mark Stone.
11:56 of 1st period - Shot Misses the Net.
12:07 of 1st period - Icing by John Moore.
12:08 of 1st period - Dylan Larkin wins face-off versus Jakub Vrana in COLORADO zone.
12:35 of 1st period - Shot by Warren Foegele.
12:35 of 1st period - Shot Blocked by Hampus Lindholm.
12:37 of 1st period - Shot by Kevin Stenlund.
12:37 of 1st period - Shot Blocked by Hampus Lindholm.
12:39 of 1st period - Shot by Nick Bjugstad.
12:39 of 1st period - Deflect By Kevin Stenlund.
12:39 of 1st period - Shot Misses the Net.
13:15 of 1st period - Shot by Artturi Lehkonen.
13:15 of 1st period - Deflect By David Krejci.
13:15 of 1st period - Stopped by Hunter Miska with a rebound.
13:25 of 1st period - Shot by Calvin de Haan.
13:25 of 1st period - Stopped by Hunter Miska without a rebound.
13:26 of 1st period - Nazem Kadri wins face-off versus Mikko Koivu in VANCOUVER zone.
13:28 of 1st period - Icing by Jonathan Huberdeau.
13:29 of 1st period - Nazem Kadri wins face-off versus Mikko Koivu in VANCOUVER zone.
13:29 of 1st period - Nazem Kadri is hit by Leo Komarov.
14:29 of 1st period - Shot by Alex Steen.
14:29 of 1st period - Deflect By Kevin Labanc.
14:29 of 1st period - Shot Misses the Net.
14:31 of 1st period - Shot by Luca Sbisa.
14:31 of 1st period - Stopped by Linus Ullmark without a rebound.
14:32 of 1st period - William Karlsson wins face-off versus Chris Wagner in COLORADO zone.
14:41 of 1st period - Shot by Artturi Lehkonen.
14:41 of 1st period - Goal by Artturi Lehkonen - COLORADO : 1 - VANCOUVER : 0.
14:42 of 1st period - Dylan Larkin wins face-off versus Mark Stone in neutral zone.
15:00 of 1st period - Shot by Pavel Buchnevich.
15:00 of 1st period - Shot Misses the Net.
15:44 of 1st period - Shot by David Krejci.
15:44 of 1st period - Stopped by Hunter Miska without a rebound.
15:45 of 1st period - Chris Wagner wins face-off versus Nick Bjugstad in VANCOUVER zone.
15:45 of 1st period - Chris Wagner is hit by Nick Bjugstad.
16:03 of 1st period - Warren Foegele is hit by Erik Johnson and loses puck.
17:25 of 1st period - Shot by Artturi Lehkonen.
17:25 of 1st period - Stopped by Hunter Miska without a rebound.
17:26 of 1st period - Dylan Larkin wins face-off versus Nazem Kadri in VANCOUVER zone.
17:30 of 1st period - Shot by John Moore.
17:30 of 1st period - Stopped by Hunter Miska without a rebound.
17:31 of 1st period - Dylan Larkin wins face-off versus Nazem Kadri in VANCOUVER zone.
17:52 of 1st period - Shot by Mark Stone.
17:52 of 1st period - Deflect By Nazem Kadri.
17:52 of 1st period - Stopped by Linus Ullmark with a rebound.
17:55 of 1st period - Icing by Pavel Buchnevich.
17:56 of 1st period - Chris Wagner wins face-off versus Dylan Larkin in COLORADO zone.
17:59 of 1st period - Shot by Erik Johnson.
17:59 of 1st period - Stopped by Linus Ullmark without a rebound.
18:00 of 1st period - William Karlsson wins face-off versus Chris Wagner in COLORADO zone.
18:00 of 1st period - William Karlsson is hit by Chris Wagner.
18:12 of 1st period - Shot by Alex Steen.
18:12 of 1st period - Goal by Alex Steen - COLORADO : 1 - VANCOUVER : 1.
18:13 of 1st period - Leo Komarov wins face-off versus Nazem Kadri in neutral zone.
18:13 of 1st period - Leo Komarov is hit by Nazem Kadri.
19:20 of 1st period - Off-side.
19:21 of 1st period - William Karlsson wins face-off versus Chris Wagner in neutral zone.
19:26 of 1st period - Erik Johnson is hit by David Krejci and loses puck.
19:35 of 1st period - Shot by Artturi Lehkonen.
19:35 of 1st period - Shot Misses the Net.
19:37 of 1st period - Shot by William Karlsson.
19:37 of 1st period - Stopped by Hunter Miska without a rebound.
19:38 of 1st period - Dylan Larkin wins face-off versus Nick Schmaltz in VANCOUVER zone.
19:57 of 1st period - Shot by Dylan Larkin.
19:57 of 1st period - Goal by Dylan Larkin - COLORADO : 2 - VANCOUVER : 1.
19:58 of 1st period - Chris Wagner wins face-off versus William Karlsson in neutral zone.
Goals for this period are 2 for COLORADO vs 1 for VANCOUVER.
Shots for this period are 11 for COLORADO vs 7 for VANCOUVER.

2nd period


0:01 of 2nd period - Nazem Kadri wins face-off versus William Karlsson in neutral zone.
1:38 of 2nd period - Shot by David Pastrnak.
1:38 of 2nd period - Shot Misses the Net.
2:23 of 2nd period - Shot by Kevin Labanc.
2:23 of 2nd period - Stopped by Linus Ullmark without a rebound.
2:24 of 2nd period - Mark Stone wins face-off versus Nick Bjugstad in COLORADO zone.
2:24 of 2nd period - Erik Johnson is hit by Brandon Carlo and loses puck.
2:33 of 2nd period - Shot by Troy Brouwer.
2:33 of 2nd period - Shot Blocked by Calvin de Haan.
2:52 of 2nd period - Mark Stone is hit by Brandon Carlo and loses puck.
2:58 of 2nd period - Mark Stone is hit by Brandon Carlo and loses puck.
3:58 of 2nd period - Shot by David Pastrnak.
3:58 of 2nd period - Shot Misses the Net.
4:00 of 2nd period - Shot by Ron Hainsey.
4:00 of 2nd period - Stopped by Hunter Miska without a rebound.
4:01 of 2nd period - William Karlsson wins face-off versus Nazem Kadri in VANCOUVER zone.
4:14 of 2nd period - Shot by John Moore.
4:14 of 2nd period - Deflect By Artturi Lehkonen.
4:14 of 2nd period - Stopped by Hunter Miska without a rebound.
4:15 of 2nd period - Mikko Koivu wins face-off versus Nick Schmaltz in VANCOUVER zone.
4:15 of 2nd period - Valtteri Filppula is hit by Erik Johnson and loses puck.
4:19 of 2nd period - Valtteri Filppula is hit by Erik Johnson and loses puck.
4:53 of 2nd period - Minor Penalty to Jakub Vrana for Tripping.
4:54 of 2nd period - Dylan Larkin wins face-off versus Mark Stone in VANCOUVER zone.
5:49 of 2nd period - Shot by Ron Hainsey.
5:49 of 2nd period - Stopped by Hunter Miska without a rebound.
5:50 of 2nd period - William Karlsson wins face-off versus Mark Stone in VANCOUVER zone.
5:51 of 2nd period - Shot by John Moore.
5:51 of 2nd period - Shot Misses the Net.
6:15 of 2nd period - Shot by David Krejci.
6:15 of 2nd period - Shot Blocked by Hampus Lindholm.
7:11 of 2nd period - Shot by Leo Komarov.
7:11 of 2nd period - Shot Misses the Net.
7:32 of 2nd period - Shot by Nick Schmaltz.
7:32 of 2nd period - Shot Misses the Net.
8:14 of 2nd period - Shot by Mark Stone.
8:14 of 2nd period - Stopped by Linus Ullmark without a rebound.
8:15 of 2nd period - Dylan Larkin wins face-off versus Chris Wagner in COLORADO zone.
8:44 of 2nd period - Shot by Kevin Labanc.
8:44 of 2nd period - Stopped by Linus Ullmark without a rebound.
8:45 of 2nd period - Nick Schmaltz wins face-off versus William Karlsson in COLORADO zone.
8:57 of 2nd period - William Karlsson is hit by Luca Sbisa and loses puck.
10:11 of 2nd period - Mark Stone is hit by Leo Komarov and loses puck.
10:33 of 2nd period - Icing by Ryan Ellis.
10:34 of 2nd period - Nick Bjugstad wins face-off versus Nazem Kadri in VANCOUVER zone.
10:34 of 2nd period - Nick Bjugstad is hit by Ryan Ellis.
10:42 of 2nd period - Shot by Warren Foegele.
10:42 of 2nd period - Stopped by Hunter Miska with a rebound.
11:32 of 2nd period - Minor Penalty to Sami Vatanen for Tripping.
11:33 of 2nd period - William Karlsson wins face-off versus Nikolaj Ehlers in VANCOUVER zone.
11:36 of 2nd period - Shot by David Krejci.
11:36 of 2nd period - Stopped by Hunter Miska with a rebound.
11:43 of 2nd period - Icing by Brandon Carlo.
11:44 of 2nd period - Mark Stone wins face-off versus Artturi Lehkonen in COLORADO zone.
11:44 of 2nd period - Jonathan Huberdeau is hit by Brandon Carlo and loses puck.
11:50 of 2nd period - Icing by Artturi Lehkonen.
11:51 of 2nd period - William Karlsson wins face-off versus Mark Stone in COLORADO zone.
12:38 of 2nd period - Mark Stone is hit by Artturi Lehkonen and loses puck.
13:17 of 2nd period - Shot by John Moore.
13:17 of 2nd period - Shot Misses the Net.
13:24 of 2nd period - Icing by Ron Hainsey.
13:25 of 2nd period - Mark Stone wins face-off versus Dylan Larkin in COLORADO zone.
14:17 of 2nd period - Off-side.
14:18 of 2nd period - Dylan Larkin wins face-off versus Nick Schmaltz in neutral zone.
14:28 of 2nd period - Pavel Buchnevich is hit by Ryan Ellis and loses puck.
14:45 of 2nd period - Shot by Nick Schmaltz.
14:45 of 2nd period - Shot Blocked by Ron Hainsey.
15:26 of 2nd period - Shot by Mark Stone.
15:26 of 2nd period - Shot Blocked by Jonas Brodin.
15:42 of 2nd period - Shot by Nazem Kadri.
15:42 of 2nd period - Deflect By Mark Stone.
15:42 of 2nd period - Shot Blocked by Ron Hainsey.
15:44 of 2nd period - Shot by Hampus Lindholm.
15:44 of 2nd period - Shot Misses the Net.
15:46 of 2nd period - Shot by Mark Stone.
15:46 of 2nd period - Goal by Mark Stone - COLORADO : 2 - VANCOUVER : 2.
15:47 of 2nd period - William Karlsson wins face-off versus Chris Wagner in neutral zone.
15:52 of 2nd period - Shot by William Karlsson.
15:52 of 2nd period - Shot Blocked by Luca Sbisa.
16:02 of 2nd period - Shot by David Krejci.
16:02 of 2nd period - Stopped by Hunter Miska without a rebound.
16:03 of 2nd period - Mikko Koivu wins face-off versus Mark Stone in VANCOUVER zone.
16:03 of 2nd period - Mikko Koivu is hit by Dennis Gilbert.
16:07 of 2nd period - Shot by Valtteri Filppula.
16:07 of 2nd period - Stopped by Hunter Miska without a rebound.
16:08 of 2nd period - Nick Schmaltz wins face-off versus William Karlsson in VANCOUVER zone.
16:13 of 2nd period - Calvin de Haan is hit by Nick Schmaltz and loses puck.
16:33 of 2nd period - Shot by William Karlsson.
16:33 of 2nd period - Shot Misses the Net.
16:35 of 2nd period - Shot by Artturi Lehkonen.
16:35 of 2nd period - Stopped by Hunter Miska without a rebound.
16:36 of 2nd period - Mikko Koivu wins face-off versus Jonathan Huberdeau in VANCOUVER zone.
16:39 of 2nd period - Shot by Leo Komarov.
16:39 of 2nd period - Goal by Leo Komarov - COLORADO : 3 - VANCOUVER : 2.
16:40 of 2nd period - Mikko Koivu wins face-off versus Nazem Kadri in neutral zone.
18:06 of 2nd period - Shot by William Karlsson.
18:06 of 2nd period - Stopped by Hunter Miska without a rebound.
18:07 of 2nd period - Nick Schmaltz wins face-off versus Dylan Larkin in VANCOUVER zone.
18:25 of 2nd period - Shot by David Pastrnak.
18:25 of 2nd period - Shot Misses the Net.
18:39 of 2nd period - Shot by Dylan Larkin.
18:39 of 2nd period - Stopped by Hunter Miska without a rebound.
18:40 of 2nd period - William Karlsson wins face-off versus Chris Wagner in VANCOUVER zone.
18:56 of 2nd period - Icing by Erik Johnson.
18:57 of 2nd period - Chris Wagner wins face-off versus Nick Bjugstad in VANCOUVER zone.
19:27 of 2nd period - Shot by Chris Wagner.
19:27 of 2nd period - Stopped by Linus Ullmark without a rebound.
19:28 of 2nd period - Nazem Kadri wins face-off versus William Karlsson in COLORADO zone.
19:55 of 2nd period - Artturi Lehkonen is hit by Nazem Kadri and loses puck.
Goals for this period are 1 for COLORADO vs 1 for VANCOUVER.
Shots for this period are 11 for COLORADO vs 5 for VANCOUVER.

3rd period


0:01 of 3rd period - Nazem Kadri wins face-off versus Dylan Larkin in neutral zone.
0:01 of 3rd period - Nazem Kadri is hit by Dylan Larkin.
0:31 of 3rd period - Shot by David Pastrnak.
0:31 of 3rd period - Stopped by Hunter Miska without a rebound.
0:32 of 3rd period - William Karlsson wins face-off versus Nick Schmaltz in VANCOUVER zone.
0:41 of 3rd period - Shot by William Karlsson.
0:41 of 3rd period - Stopped by Hunter Miska with a rebound.
0:43 of 3rd period - Shot by William Karlsson.
0:43 of 3rd period - Shot Misses the Net.
0:45 of 3rd period - Shot by Brandon Carlo.
0:45 of 3rd period - Shot Misses the Net.
0:47 of 3rd period - Shot by Artturi Lehkonen.
0:47 of 3rd period - Stopped by Hunter Miska without a rebound.
0:48 of 3rd period - Mikko Koivu wins face-off versus Chris Wagner in VANCOUVER zone.
0:51 of 3rd period - Shot by Valtteri Filppula.
0:51 of 3rd period - Deflect By Mikko Koivu.
0:51 of 3rd period - Stopped by Hunter Miska without a rebound.
0:52 of 3rd period - Dylan Larkin wins face-off versus Nazem Kadri in VANCOUVER zone.
0:59 of 3rd period - Shot by Dylan Larkin.
0:59 of 3rd period - Stopped by Hunter Miska without a rebound.
1:00 of 3rd period - Nazem Kadri wins face-off versus Dylan Larkin in VANCOUVER zone.
1:04 of 3rd period - Ryan Ellis is hit by Ron Hainsey and loses puck.
1:09 of 3rd period - Shot by Mark Stone.
1:09 of 3rd period - Shot Misses the Net.
1:11 of 3rd period - Shot by Mark Stone.
1:11 of 3rd period - Stopped by Linus Ullmark without a rebound.
1:12 of 3rd period - Nick Schmaltz wins face-off versus William Karlsson in COLORADO zone.
2:30 of 3rd period - Off-side.
2:31 of 3rd period - Chris Wagner wins face-off versus Mikko Koivu in neutral zone.
3:07 of 3rd period - Shot by Kevin Labanc.
3:07 of 3rd period - Deflect By Alex Steen.
3:07 of 3rd period - Shot Misses the Net.
3:09 of 3rd period - Shot by Alex Steen.
3:09 of 3rd period - Stopped by Linus Ullmark with a rebound.
4:15 of 3rd period - Shot by Troy Brouwer.
4:15 of 3rd period - Shot Misses the Net.
4:46 of 3rd period - Shot by Artturi Lehkonen.
4:46 of 3rd period - Shot Blocked by Ryan Ellis.
4:48 of 3rd period - Shot by William Karlsson.
4:48 of 3rd period - Shot Misses the Net.
5:46 of 3rd period - Shot by Nikolaj Ehlers.
5:46 of 3rd period - Shot Misses the Net.
5:54 of 3rd period - Shot by Nick Schmaltz.
5:54 of 3rd period - Shot Misses the Net.
6:16 of 3rd period - Ron Hainsey is hit by Mark Stone and loses puck.
6:39 of 3rd period - Shot by Luca Sbisa.
6:39 of 3rd period - Stopped by Linus Ullmark with a rebound.
6:48 of 3rd period - Icing by Leo Komarov.
6:49 of 3rd period - Valtteri Filppula wins face-off versus Nick Schmaltz in COLORADO zone.
7:16 of 3rd period - Shot by David Pastrnak.
7:16 of 3rd period - Deflect By Dylan Larkin.
7:16 of 3rd period - Goal by Dylan Larkin - COLORADO : 4 - VANCOUVER : 2.
7:17 of 3rd period - William Karlsson wins face-off versus Mark Stone in neutral zone.
7:47 of 3rd period - Artturi Lehkonen is hit by Dennis Gilbert and loses puck.
8:30 of 3rd period - Shot by Chris Wagner.
8:30 of 3rd period - Shot Misses the Net.
8:32 of 3rd period - Shot by Chris Wagner.
8:32 of 3rd period - Deflect By Alex Steen.
8:32 of 3rd period - Stopped by Linus Ullmark without a rebound.
8:33 of 3rd period - Nick Schmaltz wins face-off versus Nick Bjugstad in COLORADO zone.
8:34 of 3rd period - Shot by Sami Vatanen.
8:34 of 3rd period - Goal by Sami Vatanen - COLORADO : 4 - VANCOUVER : 3.
8:35 of 3rd period - Mikko Koivu wins face-off versus Nick Schmaltz in neutral zone.
8:44 of 3rd period - Off-side.
8:45 of 3rd period - William Karlsson wins face-off versus Chris Wagner in neutral zone.
9:21 of 3rd period - Shot by David Krejci.
9:21 of 3rd period - Deflect By Artturi Lehkonen.
9:21 of 3rd period - Shot Misses the Net.
10:29 of 3rd period - Icing by Mikko Koivu.
10:30 of 3rd period - Jonathan Huberdeau wins face-off versus Leo Komarov in COLORADO zone.
10:33 of 3rd period - Shot by Jonathan Huberdeau.
10:33 of 3rd period - Stopped by Linus Ullmark with a rebound.
11:16 of 3rd period - Icing by Urho Vaakanainen.
11:17 of 3rd period - Chris Wagner wins face-off versus Leo Komarov in COLORADO zone.
11:20 of 3rd period - Shot by Kevin Labanc.
11:20 of 3rd period - Shot Misses the Net.
11:23 of 3rd period - Icing by Urho Vaakanainen.
11:24 of 3rd period - Mikko Koivu wins face-off versus Chris Wagner in COLORADO zone.
11:24 of 3rd period - Mikko Koivu is hit by Chris Wagner.
11:31 of 3rd period - Icing by John Moore.
11:32 of 3rd period - Nick Schmaltz wins face-off versus Mikko Koivu in COLORADO zone.
12:42 of 3rd period - Shot by David Pastrnak.
12:42 of 3rd period - Stopped by Hunter Miska with a rebound.
12:54 of 3rd period - Shot by David Pastrnak.
12:54 of 3rd period - Deflect By Dylan Larkin.
12:54 of 3rd period - Stopped by Hunter Miska without a rebound.
12:55 of 3rd period - William Karlsson wins face-off versus Chris Wagner in VANCOUVER zone.
13:16 of 3rd period - Shot by Artturi Lehkonen.
13:16 of 3rd period - Goal by Artturi Lehkonen - COLORADO : 5 - VANCOUVER : 3.
13:17 of 3rd period - Nick Bjugstad wins face-off versus Mark Stone in neutral zone.
13:27 of 3rd period - Icing by Ryan Ellis.
13:28 of 3rd period - Dylan Larkin wins face-off versus Mark Stone in VANCOUVER zone.
13:35 of 3rd period - Shot by David Pastrnak.
13:35 of 3rd period - Shot Misses the Net.
15:04 of 3rd period - Nick Schmaltz is hit by Nick Bjugstad and loses puck.
15:16 of 3rd period - Icing by Urho Vaakanainen.
15:17 of 3rd period - Nick Bjugstad wins face-off versus Chris Wagner in COLORADO zone.
15:46 of 3rd period - Shot by Alex Steen.
15:46 of 3rd period - Shot Misses the Net.
15:48 of 3rd period - Shot by Riley Stillman.
15:48 of 3rd period - Shot Misses the Net.
15:50 of 3rd period - Shot by Kevin Labanc.
15:50 of 3rd period - Stopped by Linus Ullmark without a rebound.
15:51 of 3rd period - Dylan Larkin wins face-off versus Nazem Kadri in COLORADO zone.
16:19 of 3rd period - Pavel Buchnevich is hit by Dennis Gilbert and loses puck.
16:32 of 3rd period - Shot by David Pastrnak.
16:32 of 3rd period - Shot Misses the Net.
16:54 of 3rd period - Shot by Artturi Lehkonen.
16:54 of 3rd period - Stopped by Hunter Miska with a rebound.
17:33 of 3rd period - Minor Penalty to Urho Vaakanainen for Slashing.
17:34 of 3rd period - Nazem Kadri wins face-off versus David Krejci in COLORADO zone.
17:41 of 3rd period - Shot by Erik Johnson.
17:41 of 3rd period - Shot Misses the Net.
18:51 of 3rd period - Shot by Erik Johnson.
18:51 of 3rd period - Stopped by Linus Ullmark with a rebound.
19:44 of 3rd period - Warren Foegele is hit by Luca Sbisa.
19:51 of 3rd period - Minor Penalty to Luca Sbisa for Roughing.
19:52 of 3rd period - Dylan Larkin wins face-off versus Chris Wagner in VANCOUVER zone.
Goals for this period are 2 for COLORADO vs 1 for VANCOUVER.
Shots for this period are 10 for COLORADO vs 8 for VANCOUVER.